Map: Blueshift LE

Players

FaTBooyyy

  • Race: Protoss Protoss
  • League: Platinum
  • Spawn Location: 1:00

Michael - Winner!

  • Race: Zerg Zerg
  • League: Platinum
  • Spawn Location: 7:00

VOD

Have the link to the VOD?

Description

Time

  • Played on: Oct. 7, 2018, 1:25 p.m.
  • Length: 9:30
Show
View Real Time Build Order
Export as new Build Order

FaTBooyyy Protoss 

Build Orders: 1 Gate Expand 

Get SALT Encoding   

  12  0:00  Probe  
  13  0:08  Probe  
  14  0:18  Probe  
  14  0:20  Pylon  
  15  0:38  Probe, Gateway  
  16  0:50  Probe  
  17  0:58  Probe  
  18  1:06  Probe  
  19  1:18  Nexus  
  19  1:25  Pylon  
  19  1:29  Assimilator  
  19  1:37  Assimilator  
  19  1:43  Cybernetics Core  
  19  1:56  Probe  
  20  2:08  Probe  
  21  2:11  Warp Gate, Gateway  
  21  2:15  Zealot  
  23  2:20  Probe  
  25  2:30  Probe  
  25  2:32  Probe  
  26  2:42  Zealot, Probe  
  29  2:53  Pylon  
  29  2:56  Pylon  
  29  2:57  Stalker  
  29  3:03  Sentry  
  30  3:06  Probe  
  30  3:08  Probe  
  32  3:21  Stalker  
  32  3:25  Zealot  
  31  3:38  Gateway  
  31  3:51  Zealot  
  31  3:52  Zealot  
  35  4:01  Probe x2  
  37  4:09  Probe  
  35  4:10  Probe  
  37  4:17  Probe  
  37  4:18  Probe  
  37  4:23  Forge  
  39  4:27  Probe  
  40  4:32  Sentry  
  40  4:33  Zealot x2  
  46  4:40  Probe  
  46  4:41  Probe, Pylon  
  48  4:46  Protoss Ground Weapons Level 1  
  48  4:52  Probe  
  48  4:53  Probe  
  48  4:57  Pylon  
  50  5:03  Photon Cannon  
  50  5:10  Photon Cannon  
  50  5:14  Shield Battery  
  50  5:20  Probe x2  
  51  5:21  Photon Cannon  
  51  5:28  Probe  
  52  5:32  Probe  
  54  5:36  Probe, Sentry  
  54  5:37  Sentry  
  54  5:39  Sentry  
  61  5:44  Probe  
  61  5:48  Probe  
  63  5:50  Stargate  
  63  5:57  Probe  
  64  6:07  Zealot  
  64  6:09  Nexus, Sentry  
  64  6:10  Sentry  
  70  6:12  Pylon  
  70  6:17  Assimilator  
  70  6:21  Assimilator  
  70  6:32  Stalker x2  
  72  6:33  Protoss Shields Level 1  
  72  6:34  Stalker  
  72  6:35  Protoss Air Weapons Level 1  
  76  6:43  Pylon  
  76  6:44  Pylon  
  76  6:52  Pylon  
  76  7:03  Void Ray  
  76  7:09  Stalker x2  
  76  7:10  Stalker  
  86  7:39  Zealot x3  
  60  8:23  Stalker x3  
  52  8:38  Void Ray  
  56  8:48  Stalker x3  
  56  8:50  Gateway  
  56  8:52  Gateway  
  58  8:56  Gateway  
  50  9:14  Stalker  
  50  9:15  Stalker x2  
Show
View Real Time Build Order
Export as new Build Order

Michael Zerg - Winner!

Build Orders: Pool First 

Get SALT Encoding   

  12  0:01  Drone  
  13  0:13  Overlord  
  13  0:16  Drone  
  14  0:31  Drone x2  
  14  0:35  Drone  
  17  0:40  Extractor  
  16  0:45  Drone  
  17  0:51  Spawning Pool  
  17  0:56  Drone  
  17  1:07  Drone  
  18  1:22  Hatchery  
  18  1:25  Drone  
  18  1:29  Drone  
  19  1:39  Queen  
  21  1:46  Metabolic Boost  
  21  1:51  Zergling x2  
  22  1:58  Overlord  
  22  2:16  Queen  
  22  2:22  Zergling x4  
  26  2:26  Zergling x2  
  27  2:35  Zergling x4  
  29  2:45  Queen  
  29  2:49  Drone x2  
  29  2:50  Drone  
  34  2:51  Drone  
  35  3:01  Zergling x2  
  35  3:05  Overlord  
  36  3:10  Overlord  
  34  3:31  Drone x4  
  34  3:32  Drone  
  34  3:33  Drone x2  
  41  3:56  Hatchery  
  37  4:05  Drone x5  
  37  4:06  Drone x5  
  45  4:16  Roach Warren  
  44  4:20  Spine Crawler  
  43  4:26  Lair  
  43  4:29  Zergling x6  
  46  4:42  Extractor  
  46  4:43  Extractor  
  46  4:44  Spore Crawler  
  43  4:46  Drone x5  
  43  4:49  Spore Crawler  
  47  4:53  Extractor  
  47  4:54  Spine Crawler  
  47  4:59  Roach x3  
  51  5:02  Overlord  
  51  5:03  Overlord  
  51  5:08  Drone x2  
  51  5:09  Drone  
  54  5:27  Roach x3  
  54  5:28  Roach x4  
  68  5:30  Overlord  
  68  5:38  Roach x2  
  68  5:41  Overlord  
  72  5:47  Glial Reconstitution  
  72  5:52  Drone, Hydralisk Den  
  72  5:54  Drone x2  
  74  6:00  Drone x3  
  74  6:02  Drone x3  
  74  6:04  Drone x5  
  85  6:07  Queen  
  87  6:17  Roach  
  89  6:19  Overlord  
  89  6:20  Overlord x2  
  89  6:30  Ravager  
  90  6:38  Ravager  
  90  6:39  Ravager x2  
  93  6:42  Zergling x6  
  93  6:43  Zergling x16  
  104  6:57  Infestation Pit  
  104  7:00  Hatchery  
  102  7:01  Evolution Chamber  
  102  7:02  Drone x5, Evolution Chamber  
  97  7:36  Hydralisk x4  
  99  7:38  Overlord  
  99  7:39  Overlord x4  
  105  7:56  Overlord x2  
  105  7:58  Hydralisk x6  
  105  8:05  Overseer  
  107  8:15  Hydralisk x9  
  120  8:22  Hydralisk  
  120  8:25  Roach x2  
  125  8:27  Zergling x6  
  127  8:35  Zergling x2  
  127  8:36  Zergling x2  
  121  8:58  Hatchery  
Tags
 
Add a new tag
Caveats
  • Supply blocks, unpowered buildings, or Contaminate may cause inaccurate times.
  • Supply counts are checked every 10 seconds.